 Dungeon Crawl Stone Soup version 0.15-a0-244-g7dd1917 (webtiles) character file.

309 PolkaDot the Vexing (level 5, 0/30 (35) HPs)
             Began as a Vampire Enchanter on Apr 26, 2014.
             Slain by a phantom (5 damage)
             ... on Level 3 of the Dungeon.
             The game lasted 00:16:43 (3831 turns).

PolkaDot the Vexing (Vampire Enchanter)             Turns: 3831, Time: 00:16:43

HP   0/30 (35)   AC  4     Str  7      XL: 5   Next: 41%
MP   1/9         EV 12     Int 16 (17) God:
Gold 119         SH  0     Dex 15      Spells:  4 memorised,  0 levels left

rFire  . . .     SeeInvis +     a - +1 dagger
rCold  + + .     Clarity  .     b - +1 robe
rNeg   + + +     Conserve .     (no shield)
rPois  +         rCorr    .     (no helmet)
rElec  .         rRot     +     (no cloak)
SustAb + .       Spirit   .     l - +0 pair of gloves
rMut   .         Warding  .     (no boots)
Saprov . . .     Stasis   .     (no amulet)
MR     .....                    (no ring)
                                f - ring of sustain abilities

@: non-regenerating, flying, not resistant to hostile enchantments, quite
stealthy
A: fangs 3, see invisible, unbreathing
a: Bat Form


You were on level 3 of the Dungeon.
You were bloodless.

You visited 1 branch of the dungeon, and saw 4 of its levels.

You collected 119 gold pieces.

Inventory:

Hand weapons
 a - a +1,+1 dagger (weapon)
 p - a +4,+1 vampiric short sword
Missiles
 d - 12 darts (quivered)
Armour
 b - a +1 robe (worn)
 l - a +0 pair of gloves (worn)
Magical devices
 q - a wand of draining (6)
Scrolls
 e - 3 scrolls of remove curse
 i - a scroll of enchant weapon I
 j - a scroll of recharging {unknown}
 m - a scroll of amnesia {unknown}
 n - a scroll of blinking
 r - a scroll of random uselessness {unknown}
 s - a scroll of identify {unknown}
Jewellery
 f - a ring of sustain abilities (left hand)
Potions
 g - a potion of mutation {!q}
 k - a potion of flight
Books
 c - a book of Maledictions

   Spells                             Type                      Level
   *Corona                            Hexes                        1
   *Sure Blade                        Hexes/Charms                 2
   *Ensorcelled Hibernation           Hexes/Ice                    2
   *Confuse                           Hexes                        3
   Dazzling Spray                     Conjuration/Hexes            3
   Enslavement                        Hexes                        4


   Skills:
 + Level 2.9 Short Blades
 - Level 0.7 Throwing
 - Level 2.1 Dodging
 + Level 4.9 Stealth
 - Level 2.0 Spellcasting
 * Level 7.2 Hexes


You couldn't memorise any spells.
You knew the following spells:

 Your Spells              Type           Power        Failure   Level  Hunger
a - Corona                Hex            ###....      1%          1    #......
b - Sure Blade            Hex/Chrm       ##........   10%         2    ###....
c - Confuse               Hex            ###.....     3%          3    ####...
d - Ensorcelled Hibernat  Hex/Ice        ##....       10%         2    ###....


Dungeon Overview and Level Annotations

Branches:
Dungeon (4/15)
 Temple: D:4-7

Altars:
Dithmenos


Innate Abilities, Weirdness & Mutations

You do not heal naturally.
You have razor-sharp teeth.*
You have supernaturally acute eyesight.
You can survive without breathing.*


Message History

You hit the phantom but do no damage.
The phantom is heavily damaged.
You hit the phantom.
The phantom is heavily damaged.
The phantom closely misses itself.
You hit the phantom.
The phantom is heavily damaged.
You closely miss the phantom.
The phantom is heavily damaged.
The phantom barely misses you.
You barely miss the phantom.
The phantom is heavily damaged.
You hit the phantom.
The phantom is severely damaged.
The phantom hits you.
* * * LOW HITPOINT WARNING * * *
You hit the phantom.
The phantom is severely damaged.
The phantom seems less confused.
The phantom hits you.
You die...

#.#.........#.#.#.
#.##.#.#........#.
#.##+#.#...##.#.#.
#.#....#....#.#.#.
#.#....#.##.###.##
#.#....#.#...#####
#.#....#...#......
#U#....###...#####
#@####...##.## #
#.# ######.#
#.#####...#.#
#.........#.#
#######>.##.## #
#....#...#####
#.#....#......
##.#..#...#####
#.<...##.###..#


You could see a phantom.

Vanquished Creatures
  2 worker ants (D:4)
  5 adders
  3 worms
  An ooze (D:3)
  2 orcs
  7 bats
  3 giant cockroaches
  10 hobgoblins
  7 jackals
  6 kobolds
  2 quokkas
  2 ball pythons
  8 giant geckos
  3 giant newts
  5 goblins
  9 rats
75 creatures vanquished.

Notes
Turn   | Place    | Note
--------------------------------------------------------------
     0 | D:1      | PolkaDot, the Vampire Enchanter, began the quest for the Orb.
     0 | D:1      | Reached XP level 1. HP: 13/13 MP: 3/3
   257 | D:1      | Reached XP level 2. HP: 16/19 MP: 2/4
   280 | D:1      | Reached skill level 5 in Hexes
   577 | D:1      | Learned a level 2 spell: Ensorcelled Hibernation
  1253 | D:2      | Found a shadowy altar of Dithmenos.
  1392 | D:2      | Reached XP level 3. HP: 17/24 MP: 0/6
  2337 | D:3      | Reached skill level 6 in Hexes
  2542 | D:3      | Reached XP level 4. HP: 30/30 MP: 4/7
  3443 | D:4      | Reached skill level 7 in Hexes
  3443 | D:4      | Reached XP level 5. HP: 33/35 MP: 0/9
  3529 | D:4      | Noticed a phantom
  3535 | D:4      | Learned a level 3 spell: Confuse
  3538 | D:4      | Learned a level 2 spell: Sure Blade
  3831 | D:3      | Slain by a phantom

Action                   |  1- 3 |  4- 6 || total
-------------------------+-------+-------++-------
Melee: Dagger            |   124 |    13 ||   137
       Short sword       |       |   104 ||   104
 Cast: Corona            |    15 |       ||    15
       Ensorcelled Hiber |    27 |    22 ||    49
       Confuse           |       |     5 ||     5
Evoke: Wand              |       |     1 ||     1
  Use: Potion            |     1 |     4 ||     5
       Scroll            |       |     4 ||     4
 Stab: Sleeping          |    26 |    22 ||    48
       Confused          |       |     1 ||     1
